 Dungeon Crawl Stone Soup version 0.24.0-28-g17ded55e90 (webtiles) character file.

Game seed: 13939128665332171196, levelgen mode: deterministic

508867 Delamore the Axe Maniac (level 25, -6/253 HPs)
             Began as a Hill Orc Fighter on Nov 10, 2019.
             Was an Elder of Qazlal.
             Killed from afar by a wretched star (13 damage)
             ... with an orb of energy
             ... on level 5 of the Abyss on Nov 11, 2019.
             The game lasted 03:40:53 (55458 turns).

Delamore the Axe Maniac (Hill Orc Fighter)         Turns: 55458, Time: 03:40:53

Health: -6/253     AC: 49    Str: 27    XL:     25   Next: 46%
Magic:  11/36      EV: 10    Int: 11    God:    Qazlal [****..]
Gold:   2019       SH: 10    Dex: 11    Spells: 24/24 levels left

rFire    + . .     SeeInvis +   s - +0 executioner's axe (vamp)
rCold    . . .     Gourm    .   (shield currently unavailable)
rNeg     + . .     Faith    .   F - +8 orange crystal plate armour {Archmagi, Int+3 Clar}
rPois    +         Spirit   .   S - +1 helmet {SInv}
rElec    +         Reflect  +   O - scarf {repulsion}
rCorr    .         Harm     .   w - +2 pair of gloves
MR       ++...     Clarity  +   Y - +2 pair of boots {run}
Stlth    ..........             M - amulet of the Crown {Reflect rElec rPois Str-5 Slay+5 SH+5}
HPRegen  0.52/turn              D - ring of protection from fire
MPRegen  0.25/turn              r - ring of Boro {+Fly rElec rN+ MR+}

@: studying 2 skills, repel missiles, quick
A: claws 1, slimy green scales 1, strong 1
}: 2/15 runes: decaying, gossamer
a: Upheaval, Elemental Force, Renounce Religion, Evoke Flight


You were on level 5 of the Abyss.
You worshipped Qazlal.
Qazlal was greatly pleased with you.
You were not hungry.

You visited 9 branches of the dungeon, and saw 41 of its levels.
You visited the Abyss 1 time.
You visited 1 bazaar.
You also visited: Ice Cave and Wizlab.

You collected 4901 gold pieces.
You spent 2882 gold pieces at shops.

Inventory:

Hand Weapons
 s - a +0 vampiric executioner's axe (weapon)
 I - a +5 executioner's axe of flaming
Missiles
 y - 7 throwing nets (quivered)
Armour
 w - a +2 pair of gloves (worn)
 F - the +8 orange crystal plate armour (worn) {Archmagi, Int+3 Clar}
   (You found it on level 6 of the Lair of Beasts)

   It affects your intelligence (+3).
   It protects you against confusion.
 O - a scarf of repulsion (worn)
 S - a +1 helmet of see invisible (worn)
 U - a +2 pair of boots of flying
 Y - a +2 pair of boots of running (worn)
Jewellery
 a - an uncursed ring of protection from fire
 l - an uncursed ring of magical power
 r - the ring of Boro (right hand) {+Fly rElec rN+ MR+}
   (You bought it in a shop on level 2 of the Depths)

   [ring of flight]

   It insulates you from electricity.
   It protects you from negative energy.
   It affects your resistance to hostile enchantments.
   It lets you fly.
 u - an uncursed ring of positive energy
 z - an uncursed amulet of faith
 B - an uncursed ring of protection from magic
 D - a ring of protection from fire (left hand)
 E - an uncursed ring of see invisible
 M - the amulet of the Crown (around neck) {Reflect rElec rPois Str-5 Slay+5 SH+5}
   (You found it on level 7 of the Dungeon)

   [amulet of reflection]

   It shields you and reflects attacks.
   It affects your strength (-5).
   It affects your accuracy and damage with ranged weapons and melee attacks
   (+5).
   It insulates you from electricity.
   It protects you from poison.
   It affects your SH (+5).
 P - an uncursed ring of resist corrosion
Wands
 c - a wand of digging (8)
 n - a wand of disintegration (7)
 t - a wand of flame (9)
 K - a wand of acid (25)
 L - a wand of enslavement (15)
 V - a wand of paralysis (21)
 W - a wand of iceblast (30)
Scrolls
 b - 5 scrolls of enchant armour
 e - 12 scrolls of teleportation
 g - 3 scrolls of magic mapping
 j - 7 scrolls of identify
 k - 2 scrolls of immolation
 m - 18 scrolls of remove curse
 o - a scroll of blinking
 G - 2 scrolls of holy word
 R - 6 scrolls of fear
 X - a scroll of silence {unknown}
Potions
 d - 2 potions of might
 h - 4 potions of haste
 p - 16 potions of curing
 v - a potion of resistance
 x - 3 potions of invisibility
 A - 5 potions of agility
 H - 3 potions of berserk rage
 J - 3 potions of cancellation
 Q - 5 potions of ambrosia
Books
 q - a manual of Polearms
 N - a manual of Long Blades
Miscellaneous
 C - 3 sacks of spiders
 Z - a lamp of fire
Comestibles
 f - 65 rations


   Skills:
 * Level 26.0 Fighting
 O Level 27 Axes
 * Level 22.1 Armour
 * Level 8.2 Dodging
   Level 3.2 Shields
 + Level 19.8 Invocations
 - Level 9.1 Evocations


You had 24 spell levels left.
You didn't know any spells.
Your spell library contained the following spells:

 Spells                   Type           Power        Failure   Level  Hunger
 Animate Skeleton         Necr           N/A          98%         1    ##.....
 Apportation              Tloc           #.....       98%         1    ##.....
 Beastly Appendage        Tmut           #.....       98%         1    ##.....
 Confusing Touch          Hex            #.....       98%         1    ##.....
 Flame Tongue             Conj/Fire      #....        98%         1    ##.....
 Freeze                   Ice            #...         98%         1    ##.....
 Magic Dart               Conj           #...         98%         1    ##.....
 Pain                     Necr           #...         98%         1    ##.....
 Shock                    Conj/Air       #...         98%         1    ##.....
 Sting                    Conj/Pois      #...         98%         1    ##.....
 Summon Butterflies       Summ           #.......     98%         1    ##.....
 Summon Small Mammal      Summ           #...         98%         1    ##.....
 Blink                    Tloc           N/A          99%         2    ###....
 Call Imp                 Summ           #.......     99%         2    ###....
 Corpse Rot               Necr           N/A          99%         2    ###....
 Poisonous Vapours        Pois/Air       #.....       99%         2    ###....
 Slow                     Hex            #.......     99%         2    ###....
 Sticks to Snakes         Tmut           #.......     99%         2    ###....
 Throw Flame              Conj/Fire      #.....       99%         2    ###....
 Throw Frost              Conj/Ice       #.....       99%         2    ###....
 Call Canine Familiar     Summ           #.......     100%        3    ####...
 Confuse                  Hex            #.......     100%        3    ####...
 Conjure Flame            Conj/Fire      #.......     100%        3    ####...
 Gell's Gravitas          Tloc           #.........   100%        3    ####...
 Inner Flame              Hex/Fire       #.......     100%        3    ####...
 Mephitic Cloud           Conj/Pois/Air  #.......     100%        3    ####...
 Ozocubu's Armour         Chrm/Ice       #.......     100%        3    ####...
 Portal Projectile        Hex/Tloc       #.....       100%        3    ####...
 Recall                   Summ/Tloc      N/A          100%        3    ####...
 Spider Form              Tmut/Pois      #.........   100%        3    ####...
 Static Discharge         Conj/Air       #.......     100%        3    ####...
 Stone Arrow              Conj/Erth      #.....       100%        3    ####...
 Summon Guardian Golem    Hex/Summ       #.......     100%        3    ####...
 Vampiric Draining        Necr           #.........   100%        3    ####...
 Airstrike                Air            #.........   100%        4    #####..
 Animate Dead             Necr           N/A          100%        4    #####..
 Force Lance              Conj/Tloc      #.......     100%        4    #####..
 Ice Form                 Ice/Tmut       #.......     100%        4    #####..
 Leda's Liquefaction      Hex/Erth       #.........   100%        4    #####..
 Petrify                  Tmut/Erth      #.......     100%        4    #####..
 Sticky Flame             Conj/Fire      #.......     100%        4    #####..
 Summon Ice Beast         Ice/Summ       #.......     100%        4    #####..
 Summon Lightning Spire   Summ/Air       #.......     100%        4    #####..
 Throw Icicle             Conj/Ice       #.......     100%        4    #####..
 Agony                    Necr           #.......     100%        5    ######.
 Alistair's Intoxication  Tmut/Pois      #.......     100%        5    ######.
 Aura of Abjuration       Summ           #.........   100%        5    ######.
 Blade Hands              Tmut           #.........   100%        5    ######.
 Bolt of Magma            Conj/Fire/Erth #.........   100%        5    ######.
 Borgnjor's Vile Clutch   Necr/Erth      #.........   100%        5    ######.
 Dispel Undead            Necr           #.......     100%        5    ######.
 Fireball                 Conj/Fire      #.........   100%        5    ######.
 Iskenderun's Battlesphe  Conj/Chrm      #.......     100%        5    ######.
 Lightning Bolt           Conj/Air       #.........   100%        5    ######.
 Metabolic Englaciation   Hex/Ice        #.........   100%        5    ######.
 Summon Demon             Summ           #.........   100%        5    ######.
 Summon Forest            Summ/Tloc      #.........   100%        5    ######.
 Summon Mana Viper        Hex/Summ       #.......     100%        5    ######.
 Venom Bolt               Conj/Pois      #.........   100%        5    ######.
 Yara's Violent Unravell  Hex/Tmut       #.........   100%        5    ######.
 Death Channel            Necr           #.........   100%        6    #######
 Dispersal                Tloc           #.........   100%        6    #######
 Freezing Cloud           Conj/Ice/Air   #.........   100%        6    #######
 Hydra Form               Tmut           #.........   100%        6    #######
 Invisibility             Hex            #.......     100%        6    #######
 Iron Shot                Conj/Erth      #.........   100%        6    #######
 Shadow Creatures         Summ           N/A          100%        6    #######
 Simulacrum               Ice/Necr       #.........   100%        6    #######
 Statue Form              Tmut/Erth      #........    100%        6    #######
 Orb of Destruction       Conj           #.........   100%        7    #######
 Ring of Flames           Chrm/Fire      #.........   100%        7    #######
 Spellforged Servitor     Conj/Summ      #.........   100%        7    #######
 Summon Hydra             Summ           #.........   100%        7    #######
 Controlled Blink         Tloc           N/A          100%        8    #######
 Disjunction              Tloc           #.........   100%        8    #######
 Ignition                 Fire           #.........   100%        8    #######
 Shatter                  Erth           #.........   100%        9    #######
 Tornado                  Air            #.........   100%        9    #######


Dungeon Overview and Level Annotations

Branches:
Dungeon (15/15)            Temple (1/1) D:5            Lair (6/6) D:9
  Swamp (4/4) Lair:3       Spider (4/4) Lair:4        Slime (0/5) Lair:6
    Orc (2/2) D:10            Elf (3/3) Orc:2        Vaults (1/5) D:13
 Depths (5/5) D:15            Zot (0/5) Depths:5      IceCv (visited)
 WizLab (visited)

Altars:
Ashenzari
Cheibriados
Dithmenos
Elyvilon
Fedhas
Gozag
Hepliaklqana
Kikubaaqudgha
Makhleb
Nemelex Xobeh
Okawaru
Qazlal
Ru
Sif Muna
Trog
Uskayaw
Vehumet
Wu Jian
Xom
Yredelemnul
Zin
The Shining One
Beogh

Shops:
D:4 [   D:9 (   D:14 (   Orc:2 !=[(   Depths:2 *   Depths:4 [*[:   Depths:5 (?}

Portals:
Hell: Depths:1 Depths:2 Depths:3 Depths:4 Depths:5
Abyss: Depths:1 Depths:4 Depths:5
Pandemonium: Depths:3
Ziggurat: Depths:3


Innate Abilities, Weirdness & Mutations

You have sharp fingernails.
You are partially covered in slimy green scales. (AC +2)
Your muscles are strong. (Str +2)


Message History

The wretched star glows turbulently.
The orb of energy hits you!!
* * * LOW HITPOINT WARNING * * *
The orb of energy explodes!
You slice the wretched star!!
The wretched star is heavily damaged.
The wretched star glows turbulently.
The orb of energy misses you.
You slash the wretched star!
The wretched star is severely damaged.
You closely miss the wretched star.
The wretched star is severely damaged.
The wretched star glows turbulently.
The orb of energy hits you.
* * * LOW HITPOINT WARNING * * *
You slice the wretched star!!
The wretched star is almost destroyed.
The wretched star glows turbulently.
The orb of energy hits you!
You die...

### ###.###
###[....###
##..°......##
#......○°...#
#...§.@.....#
#......*.☼....#
#)...°°.§.....#
..[.....)......
#......%......#
#.............#
##...........##
#...........#


You could see a wretched star.

Vanquished Creatures
  Mara (Elf:3)
  An ancient lich (Depths:4)
  4 juggernauts
  Bai Suzhen (Depths:1)
  Margery (Depths:3)
  Saint Roka (Depths:4)
  4 caustic shrikes (Depths:4)
  Nikola (Swamp:4)
  5 golden dragons
  2 bone dragons
  2 liches
  A hellephant (Abyss:5)
  A Cloud Mage (WizLab)
  4 tentacled monstrosities
  2 titans
  2 deep elf blademasters
  3 deep elf master archers (Elf:3)
  5 tentacled starspawn
  An Executioner (Abyss:4)
  2 sphinxes
  A tengu reaver (Depths:2)
  3 thorn hunters
  2 shadow dragons (Depths:4)
  3 storm dragons
  The ghost of Keoguots the Thaumaturge, an adept GnSk of Makhleb (Swamp:3)
  A draconian monk (Depths:5)
  8 deep elf sorcerers
  11 fire giants
  A vault warden (Vaults:1)
  8 frost giants
  4 emperor scorpions
  A balrug (Abyss:5)
  An iron dragon (Depths:4)
  4 ghost moths
  An orc warlord (Orc:2)
  An angel (Abyss:4)
  Louise (D:15)
  Aizul (Elf:1)
  4 deep elf elementalists
  2 ironheart preservers (Vaults:1)
  A spriggan defender (Depths:4)
  The ghost of lis82 the Thaumaturge, a journeyman DgFE (Lair:4)
  5 stone giants
  13 very ugly things
  2 ophanim (Abyss:4)
  3 entropy weavers
  Nessos (Lair:6)
  33 slime creatures
  4 deep elf demonologists
  2 black draconians (Depths:5)
  4 vampire knights
  3 yellow draconians (Depths:5)
  4 spark wasps
  13 deep elf annihilators
  The ghost of Sinyank the Thaumaturge, a journeyman DsWz of Gozag (D:11)
  2 purple draconians
  11 ettins
  13 deep elf death magi
  A blizzard demon (WizLab)
  A green death (Abyss:2)
  The ghost of Flakmanz the Fighter, a journeyman MiAr of Okawaru (D:11)
  3 fire dragons
  7 yaktaur captains
  A vault guard (Vaults:1)
  Harold (D:8)
  5 deep elf high priests
  Fannar (D:11)
  4 great orbs of eyes
  22 hydras
  4 rakshasas
  8 ice dragons
  2 ghost crabs (WizLab)
  A death knight (D:14)
  7 centaur warriors
  12 spriggan air magi
  5 shambling mangroves
  29 dancing weapons
  2 catoblepae
  4 ogre magi
  16 two-headed ogres
  12 alligators
  9 deep troll earth magi
  3 hell hogs (Abyss:5)
  8 tengu warriors
  18 thrashing horrors
  An orc high priest (Orc:1)
  2 shock serpents (WizLab)
  12 deep troll shamans
  10 spriggan berserkers
  13 hell knights
  A soul eater (Depths:2)
  12 spriggans
  A sun demon (Abyss:5)
  Sonja (Orc:1)
  5 iron trolls
  21 deep elf knights
  22 small abominations
  6 wretched stars
  2 spatial maelstroms (Abyss:2)
  A salamander mystic (Depths:2)
  A shadow wraith (Abyss:4)
  5 sixfirhies
  16 deep trolls
  16 swamp dragons
  6 glowing orange brains
  2 unseen horrors (Vaults:1)
  2 death drakes (WizLab)
  11 deep elf archers
  A spectral hydra (Lair:4)
  A spriggan druid (Swamp:4)
  2 cherubim (Abyss:4)
  2 shadow demons
  59 starcursed masses
  A flayed ghost (Depths:2)
  2 wizards
  A golden dragon skeleton (Abyss:3)
  4 phantasmal warriors
  10 necromancers
  4 orc knights
  6 oklob plants
  A wolf spider zombie (D:12)
  27 wolf spiders
  22 orb spiders
  A cyclops (shapeshifter) (Depths:4)
  A manticore (Lair:5)
  8 orc sorcerers
  60 deep elf magi
  4 cyclopes
  A manticore (shapeshifter) (Depths:4)
  5 moths of wrath
  2 salamanders (Depths:2)
  29 ugly things
  2 apocalypse crabs
  A guardian serpent (shapeshifter) (Depths:2)
  19 smoke demons
  3 vault sentinels (Vaults:1)
  Maurice (D:8)
  11 black mambas
  A guardian serpent (Lair:6)
  3 ice statues
  2 orange demons
  An eye of devastation (Abyss:4)
  2 gargoyles
  A torpor snail (shapeshifter) (Depths:1)
  Psyche (D:12)
  33 spiny frogs
  3 torpor snails
  A spiny frog (shapeshifter) (Abyss:3)
  A yaktaur (shapeshifter) (Depths:5)
  31 yaktaurs
  2 efreet
  A kobold demonologist (D:15)
  16 rime drakes
  9 komodo dragons
  7 hellwings
  A red devil (Abyss:5)
  2 freezing wraiths
  5 trolls
  9 demonic crawlers
  9 tengu conjurers
  A harpy zombie (Abyss:3)
  9 ancient zymes
  2 queen bees
  3 meliai (D:12)
  A jumping spider (shapeshifter) (D:13)
  8 tyrant leeches
  A silent spectre (Abyss:2)
  28 hornets
  23 raiju
  43 jumping spiders
  A hornet (shapeshifter) (Depths:2)
  8 bog bodies
  A tyrant leech (shapeshifter) (D:12)
  17 blink frogs
  A spectral black mamba (Lair:4)
  A hippogriff (shapeshifter) (Depths:2)
  A snapping turtle (shapeshifter) (Depths:4)
  22 hippogriffs
  31 large abominations
  2 ynoxinuls
  4 flying skulls
  2 shadows
  4 water elementals
  12 air elementals
  46 redbacks
  A fire dragon skeleton (Abyss:2)
  2 wraiths (D:14)
  29 tarantellas
  20 wyverns
  37 yaks
  3 fire elementals
  2 spectral komodo dragons (Lair:4)
  3 humans
  5 steam dragons (Lair:3)
  4 hungry ghosts
  25 vampire mosquitoes
  8 basilisks
  2 hogs (D:8)
  3 neqoxecs
  3 chaos spawn
  A death yak simulacrum (Lair:4)
  12 swamp worms
  3 spatial vortices (Abyss:2)
  14 insubstantial wisps
  11 wargs
  Edmund (D:5)
  A swamp worm (shapeshifter) (Depths:2)
  An acid dragon (Lair:3)
  3 hell hounds
  A soldier ant (D:13)
  24 water moccasins
  8 porcupines
  Duvessa (D:5)
  46 orc warriors
  11 swamp drakes
  10 ice beasts
  6 sky beasts
  A hornet zombie (D:7)
  A manticore zombie (Abyss:3)
  A black bear (D:9)
  An eye of draining (D:12)
  A wolf (shapeshifter) (Depths:2)
  16 ogres
  8 boggarts
  4 centaurs
  13 wolves
  13 crocodiles
  4 elf zombies (Elf:1)
  21 bullfrogs
  4 big kobolds
  Blork the orc (D:5)
  3 earth elementals
  A wyvern zombie (D:13)
  A scorpion (D:7)
  A wyvern skeleton (D:12)
  Dowan (D:5)
  A snapping turtle simulacrum (Abyss:5)
  A water moccasin skeleton (D:5)
  22 wights
  67 killer bees
  An electric eel (Spider:4)
  5 howler monkeys
  10 crimson imps
  3 quasits (Abyss:2)
  3 bullfrog zombies
  7 centaur zombies
  A lava snake (Orc:1)
  A komodo dragon simulacrum (Lair:4)
  3 hounds
  30 orc wizards
  5 jellies
  7 centaur skeletons
  20 orc priests
  Crazy Yiuf (D:5)
  An iron imp (D:8)
  4 bullfrog skeletons
  3 iguanas
  11 worker ants
  A killer bee zombie (D:9)
  A hound zombie (D:10)
  A hound skeleton (D:8)
  7 gnolls
  A worker ant zombie (D:7)
  12 adders
  6 shadow imps
  3 white imps
  3 ufetubi (Abyss:2)
  An ooze (D:3)
  2 adder zombies
  A worm (D:3)
  4 dart slugs
  4 leopard geckos
  114 orcs
  7 bats
  6 giant cockroaches
  4 goblins
  10 hobgoblins
  6 jackals
  19 kobolds
  2 quokkas
  2 ball pythons
  4 frilled lizards
  A goblin skeleton (D:8)
  3 hobgoblin zombies (D:8)
  A jackal skeleton (D:4)
  2 kobold skeletons (D:8)
  A leopard gecko zombie (D:5)
  2 orc skeletons (D:8)
  An orc zombie (D:8)
  22 rats
  A bush (Lair:2)
  4 crawling corpses (Elf:3)
  3 fungi
  2 lurking horrors (Abyss:5)
  14 plants
  5 starspawn tentacles
2166 creatures vanquished.

Vanquished Creatures (collateral kills)
  A statue (Abyss:5)
  A hornet (Depths:5)
  A spriggan (Depths:5)
  A ynoxinul (Abyss:5)
  A death yak simulacrum (Lair:4)
  A floating eye (Depths:5)
6 creatures vanquished.

Vanquished Creatures (others)
  A deep elf master archer (Elf:3)
  A tentacled starspawn (Abyss:5)
  A ghost moth (Spider:4)
  A draconian scorcher (Depths:5)
  An ettin (Depths:5)
  A rakshasa (Abyss:4)
  2 yaktaur captains (Depths:5)
  A deep troll earth mage (Depths:1)
  A hell hog (Abyss:5)
  A hell knight (Depths:3)
  A deep elf knight (Elf:2)
  3 large abominations
  7 yaktaurs
  A jumping spider (Spider:3)
  A slime creature (Depths:2)
  2 air elementals (WizLab)
  A redback (Spider:4)
  A neqoxec (Abyss:4)
  3 small abominations
  A fire dragon simulacrum (Abyss:4)
  An orc wizard (Depths:4)
  An orc (Orc:2)
  A bush (Lair:1)
  11 fungi
  A lurking horror (Abyss:2)
  13 plants
  18 starspawn tentacles
78 creatures vanquished.

Grand Total: 2250 creatures vanquished

Notes
Turn   | Place    | Note
-------+----------+-------------------------------------------
     0 | D:1      | Delamore the Hill Orc Fighter began the quest for the Orb.
     0 | D:1      | Reached XP level 1. HP: 19/19 MP: 1/1
    33 | D:1      | Reached skill level 3 in Axes
   262 | D:1      | Reached XP level 2. HP: 26/26 MP: 2/2
   423 | D:1      | Reached skill level 4 in Axes
   783 | D:1      | Reached XP level 3. HP: 11/31 MP: 3/3
   785 | D:1      | Reached skill level 5 in Axes
  1089 | D:2      | Reached XP level 4. HP: 14/39 MP: 4/4
  1622 | D:2      | Found a blossoming altar of Fedhas.
  1748 | D:2      | Reached skill level 6 in Axes
  1788 | D:2      | Found an ornate altar of the Wu Jian Council.
  1897 | D:3      | Reached XP level 5. HP: 45/45 MP: 5/5
  2091 | D:3      | Reached skill level 7 in Axes
  2631 | D:3      | Found a hazy altar of Hepliaklqana.
  2632 | D:3      | Found a shimmering altar of Xom.
  2633 | D:3      | Noticed a spectral ugly thing
  2747 | D:4      | Noticed an ogre
  2759 | D:3      | Killed an ogre
  2759 | D:3      | Reached skill level 8 in Axes
  2759 | D:3      | Reached XP level 6. HP: 51/51 MP: 6/6
  2806 | D:4      | Reached skill level 9 in Axes
  2829 | D:4      | Reached XP level 7. HP: 31/57 MP: 7/7
  2849 | D:4      | Found an opulent altar of Gozag.
  3176 | D:4      | Reached skill level 10 in Axes
  3430 | D:4      | Found Zobui's Antique Armour Boutique.
  3725 | D:5      | Entered Level 5 of the Dungeon
  4293 | D:5      | Reached skill level 11 in Axes
  4419 | D:5      | Noticed Edmund
  4423 | D:5      | Reached XP level 8. HP: 64/64 MP: 8/8
  4437 | D:5      | Killed Edmund
  4468 | D:5      | Noticed Blork the orc
  4478 | D:5      | Killed Blork the orc
  4478 | D:5      | Reached skill level 12 in Axes
  4501 | D:5      | Found a runed translucent door.
  4502 | D:5      | Noticed Crazy Yiuf
  4605 | D:5      | Noticed Duvessa
  4605 | D:5      | Noticed Dowan
  4612 | D:5      | Killed Dowan
  4617 | D:5      | Killed Duvessa
  4652 | D:5      | Found a staircase to the Ecumenical Temple.
  4662 | Temple   | Entered the Ecumenical Temple
  4873 | Temple   | Became a worshipper of Qazlal Stormbringer
  5128 | D:5      | Found an iron altar of Okawaru.
  5253 | D:5      | Killed Crazy Yiuf
  5307 | D:6      | Reached skill level 13 in Axes
  5498 | D:6      | Found a bloodstained altar of Trog.
  5660 | D:6      | Reached XP level 9. HP: 65/70 MP: 9/9
  5714 | D:6      | Reached skill level 14 in Axes
  5881 | D:6      | Found a radiant altar of Vehumet.
  5882 | D:6      | Found a burning altar of Makhleb.
  6129 | D:6      | Found an ancient bone altar of Kikubaaqudgha.
  6169 | D:6      | Found a shadowy altar of Dithmenos.
  6375 | D:7      | Reached skill level 15 in Axes
  6463 | D:7      | Reached * piety under Qazlal
  6785 | D:7      | Found a burning altar of Makhleb.
  7184 | D:7      | Reached skill level 16 in Axes
  7488 | D:7      | Reached XP level 10. HP: 74/77 MP: 10/10
  7493 | D:7      | Got a steaming lead amulet
  7493 | D:7      | Got a translucent emerald amulet
  7508 | D:7      | Identified the amulet "Enwestruu" {Regen+ Dex+6} (You found
                  | it on level 7 of the Dungeon)
  7510 | D:7      | Identified the amulet of the Crown {Reflect rElec rPois
                  | Str-5 Slay+5 SH+5} (You found it on level 7 of the Dungeon)
  7843 | D:8      | Reached skill level 17 in Axes
  8017 | D:8      | Reached ** piety under Qazlal
  8021 | D:8      | Noticed Maurice
  8039 | D:8      | Killed Maurice
  8047 | D:8      | Noticed Harold
  8118 | D:8      | Killed Harold
  8118 | D:8      | Reached skill level 18 in Axes
  8141 | D:8      | Found a glowing golden altar of the Shining One.
  8368 | D:8      | Found a snail-covered altar of Cheibriados.
  8837 | D:8      | Reached skill level 19 in Axes
  8840 | D:8      | Reached *** piety under Qazlal
  8935 | D:9      | Reached XP level 11. HP: 64/82 MP: 11/11
  9006 | D:9      | Found a white marble altar of Elyvilon.
  9238 | D:9      | Found Teocaun's Antique Weapon Emporium.
  9278 | D:9      | Noticed a two-headed ogre
  9285 | D:9      | Killed a two-headed ogre
  9409 | D:9      | Found a staircase to the Lair.
  9552 | D:10     | Entered Level 10 of the Dungeon
  9552 | D:10     | Found a staircase to the Orcish Mines.
  9711 | D:10     | Noticed a two-headed ogre
  9721 | D:10     | Killed a two-headed ogre
  9721 | D:10     | Reached skill level 20 in Axes
 10508 | Orc:1    | Entered Level 1 of the Orcish Mines
 10516 | Orc:1    | Reached **** piety under Qazlal
 10540 | Orc:1    | Noticed an orc high priest
 10542 | Orc:1    | Noticed an orc sorcerer
 10565 | D:10     | Killed an orc sorcerer
 10752 | Orc:1    | Killed an orc high priest
 10752 | Orc:1    | Reached skill level 5 in Fighting
 10879 | Orc:1    | Noticed Sonja
 10895 | Orc:1    | Noticed an orc sorcerer
 10904 | Orc:1    | Noticed an ettin
 11103 | D:10     | Killed an ettin
 11384 | D:10     | Killed an orc sorcerer
 11400 | Orc:1    | Killed Sonja
 11558 | Orc:1    | Reached XP level 12. HP: 100/100 MP: 12/12
 12024 | D:4      | Bought an ancient plate armour for 644 gold pieces
 12034 | D:4      | Identified the +1 plate armour "Tioble" {+Inv rF- Str+4
                  | Dex+4} (You bought it in a shop on level 4 of the Dungeon)
 12144 | Lair:1   | Entered Level 1 of the Lair of Beasts
 12187 | Lair:1   | Reached skill level 5 in Armour
 12192 | Lair:1   | Reached skill level 21 in Axes
 12287 | Lair:1   | Noticed a seven-headed hydra
 12296 | Lair:1   | Killed an 11-headed hydra
 12881 | Lair:1   | Got a fine leather armour
 12892 | Lair:1   | Identified the +2 leather armour of the Pleiades {rF+
                  | Str+4} (You found it on level 1 of the Lair of Beasts)
 13337 | Lair:2   | Reached ***** piety under Qazlal
 13677 | Lair:2   | Reached skill level 10 in Fighting
 14223 | Lair:3   | Reached XP level 13. HP: 74/114 MP: 13/13
 14579 | Lair:3   | Found a staircase to the Swamp.
 15913 | Lair:4   | Reached skill level 10 in Armour
 15925 | Lair:4   | Found a frozen archway.
 15941 | IceCv    | Entered an ice cave
 16012 | IceCv    | Found a transporter.
 16241 | IceCv    | Found a transporter.
 16443 | Lair:4   | Found a hole to the Spider Nest.
 16463 | Lair:4   | Found a runed translucent gate.
 16464 | Lair:4   | Found a runed translucent gate.
 16496 | Lair:4   | Gained mutation: You have a pair of small horns on your
                  | head. [potion of mutation]
 16496 | Lair:4   | Gained mutation: You possess an exceptional clarity of
                  | mind. [potion of mutation]
 16496 | Lair:4   | Gained mutation: You are robust. (+10% HP) [potion of
                  | mutation]
 16496 | Lair:4   | Gained mutation: You have very sharp teeth. [potion of
                  | mutation]
 16499 | Lair:4   | Lost mutation: You possess an exceptional clarity of mind.
                  | [potion of mutation]
 16499 | Lair:4   | Lost mutation: You have very sharp teeth. [potion of
                  | mutation]
 16499 | Lair:4   | Gained mutation: Your mind is acute. (Int +2) [potion of
                  | mutation]
 16500 | Lair:4   | Lost mutation: You are robust. (+10% HP) [potion of
                  | mutation]
 16500 | Lair:4   | Lost mutation: Your mind is acute. (Int +2) [potion of
                  | mutation]
 16500 | Lair:4   | Lost mutation: You have a pair of small horns on your head.
                  | [potion of mutation]
 16500 | Lair:4   | Gained mutation: You are partially covered in slimy green
                  | scales. (AC +2) [potion of mutation]
 16500 | Lair:4   | Gained mutation: Your muscles are strong. (Str +2) [potion
                  | of mutation]
 16500 | Lair:4   | Gained mutation: You possess an exceptional clarity of
                  | mind. [potion of mutation]
 16500 | Lair:4   | Gained mutation: You have sharp fingernails. [potion of
                  | mutation]
 16509 | Lair:4   | Noticed lis82's ghost (journeyman DgFE)
 16510 | Lair:4   | Found a runed translucent gate.
 17032 | Lair:4   | Killed lis82's ghost
 17286 | Lair:5   | Reached skill level 1 in Invocations
 17339 | Lair:5   | Reached skill level 1 in Evocations
 17590 | Lair:5   | Reached XP level 14. HP: 127/127 MP: 15/15
 17996 | Lair:5   | Reached ****** piety under Qazlal
 18004 | Lair:5   | Reached skill level 22 in Axes
 18245 | Lair:6   | Entered Level 6 of the Lair of Beasts
 18559 | Lair:6   | Reached skill level 5 in Invocations
 18939 | Lair:6   | Found the +8 orange crystal plate armour {Archmagi, Int+3
                  | Clar}
 18980 | Lair:6   | Found a staircase to the Slime Pits.
 19132 | Lair:6   | Noticed Nessos
 19160 | Lair:6   | Killed Nessos
 19441 | Lair:6   | Reached skill level 5 in Evocations
 20433 | Orc:1    | You fall into a shaft and drop 1 floor!
 20433 | Orc:2    | Entered Level 2 of the Orcish Mines
 20536 | Orc:2    | Paralysed by an orc sorcerer for 7 turns
 20545 | Orc:2    | Reached XP level 15. HP: 73/138 MP: 20/20
 21217 | Orc:2    | Noticed an orc warlord
 21218 | Orc:2    | Found a roughly hewn altar of Beogh.
 21230 | Orc:2    | Killed an orc warlord
 21426 | Orc:2    | Found a roughly hewn altar of Beogh.
 21446 | Orc:2    | Found a roughly hewn altar of Beogh.
 21489 | Orc:2    | Found a staircase to the Elven Halls.
 21514 | Orc:2    | Found Rasaituu's Jewellery Emporium.
 21546 | Orc:2    | Found a roughly hewn altar of Beogh.
 21551 | Orc:2    | Found Ragaceis's Distillery.
 21558 | Orc:2    | Bought a potion of might for 52 gold pieces
 21558 | Orc:2    | Bought a potion of heal wounds for 65 gold pieces
 21558 | Orc:2    | Bought a potion of heal wounds for 65 gold pieces
 21673 | Orc:2    | Found Nuips's Antique Armour Emporium.
 21674 | Orc:2    | Found a roughly hewn altar of Beogh.
 21679 | Orc:2    | Found Lolocri's Antique Weapon Shoppe.
 21685 | Orc:2    | Bought a scorched battleaxe for 414 gold pieces
 21685 | Orc:2    | Identified the +8 battleaxe of the Desolation of Salt
                  | {chop, Int+3 Dex+3} (You bought it in a shop on level 2 of
                  | the Orcish Mines)
 21692 | Orc:2    | Bought a pair of runed boots for 255 gold pieces
 21752 | Orc:2    | Found a roughly hewn altar of Beogh.
 22030 | Swamp:1  | Entered Level 1 of the Swamp
 22393 | Swamp:1  | Identified the Guide on Fiery Venom
 23543 | Swamp:3  | Reached skill level 15 in Fighting
 23609 | Swamp:3  | Reached XP level 16. HP: 131/149 MP: 23/23
 23633 | Swamp:3  | Reached skill level 10 in Invocations
 23688 | Swamp:3  | Noticed a thorn hunter
 23697 | Swamp:3  | Killed a thorn hunter
 23839 | Swamp:3  | Found a transporter.
 23852 | Swamp:3  | Noticed Keoguots's ghost (adept GnSk)
 23885 | Swamp:3  | Killed Keoguots's ghost
 24092 | Swamp:3  | Found a transporter.
 24093 | Swamp:3  | Got a faintly glowing golden ring
 24304 | Swamp:3  | Noticed a tentacled monstrosity
 24319 | Swamp:3  | Killed a tentacled monstrosity
 24528 | Swamp:4  | Entered Level 4 of the Swamp
 24547 | Swamp:4  | Noticed a thorn hunter
 24565 | Swamp:4  | Killed a thorn hunter
 25321 | Swamp:4  | HP: 2/151 [polar bear[a spriggan berserker] (15)]
 25907 | Swamp:3  | Identified a +2 pair of boots of running (You found it on
                  | level 1 of the Swamp)
 25919 | Swamp:3  | Identified the ring "Gauz Guh" {rF+ rC- MR- Str+4 Int+8}
                  | (You found it on level 3 of the Swamp)
 26135 | Swamp:4  | Noticed Nikola
 26198 | Swamp:4  | Killed Nikola
 26198 | Swamp:4  | Reached skill level 1 in Dodging
 26286 | Swamp:4  | Reached XP level 17. HP: 151/158 MP: 25/25
 26668 | Swamp:4  | Got a decaying rune of Zot
 26832 | Spider:1 | Entered Level 1 of the Spider Nest
 27387 | Spider:1 | Reached skill level 23 in Axes
 29478 | Spider:3 | Reached skill level 15 in Armour
 30757 | Spider:4 | Entered Level 4 of the Spider Nest
 30833 | Spider:4 | Reached XP level 18. HP: 169/169 MP: 10/28
 31659 | Spider:4 | Reached skill level 5 in Dodging
 32315 | Spider:4 | Got a gossamer rune of Zot
 32982 | D:11     | Found an iron altar of Okawaru.
 33065 | D:11     | Found a runed translucent gate.
 33065 | D:11     | Found a runed translucent gate.
 33066 | D:11     | Found a runed translucent gate.
 33066 | D:11     | Noticed Sinyank's ghost (journeyman DsWz)
 33066 | D:11     | Noticed Flakmanz's ghost (journeyman MiAr)
 33075 | D:11     | Killed Sinyank's ghost
 33077 | D:11     | Killed Flakmanz's ghost
 33085 | D:11     | Noticed Fannar
 33092 | D:11     | Killed Fannar
 33098 | D:11     | Identified the Almanac of the Exiled Souls
 33568 | D:12     | Noticed Psyche
 33899 | D:12     | Killed Psyche
 34868 | D:13     | Found a gate to the Vaults.
 35077 | D:13     | Got a faintly glowing long sword
 35080 | D:13     | Identified the +6 long sword "Bir Soma" {antimagic, *Drain
                  | rElec rN+} (You found it on level 13 of the Dungeon)
 35575 | D:14     | Reached skill level 15 in Invocations
 35723 | D:14     | Found a shimmering altar of Xom.
 35725 | D:14     | Found a shimmering altar of Xom.
 35725 | D:14     | Found a shimmering altar of Xom.
 35725 | D:14     | Found a shimmering altar of Xom.
 35725 | D:14     | Found a shimmering altar of Xom.
 35978 | D:14     | Found Xitaf's Weapon Boutique.
 36051 | D:15     | Entered Level 15 of the Dungeon
 36246 | D:15     | Reached XP level 19. HP: 171/179 MP: 30/30
 36343 | D:15     | Noticed Louise
 36359 | D:15     | Killed Louise
 36630 | D:15     | Found a staircase to the Depths.
 37191 | D:15     | Identified a scroll of acquirement
 37268 | Depths:1 | Entered Level 1 of the Depths
 37794 | Depths:1 | Found a one-way gate to the infinite horrors of the Abyss.
 37848 | Depths:1 | Found a magical portal.
 38217 | WizLab   | Noticed Kubeps
 38228 | WizLab   | Killed Kubeps the Cloud Mage
 38446 | WizLab   | Identified Sif Muna's Volume of the Birds
 39004 | Depths:1 | Found a gateway to Hell.
 39266 | Depths:2 | Noticed Bai Suzhen
 39989 | Depths:2 | Reached skill level 24 in Axes
 40009 | Depths:2 | Reached XP level 20. HP: 154/191 MP: 32/32
 40016 | Depths:2 | Paralysed by a sphinx for 5 turns
 41650 | Depths:1 | Killed Bai Suzhen
 42328 | Depths:2 | Found Enusag's Antique Artefacts.
 42336 | Depths:2 | Bought a spiked plate armour for 1148 gold pieces
 42336 | Depths:2 | Bought a heavily runed silver ring for 205 gold pieces
 42347 | Depths:2 | Identified the +8 plate armour of Xom's Wrath {*Corrode
                  | Str+2 Dex+6 Stlth+} (You bought it in a shop on level 2 of
                  | the Depths)
 42348 | Depths:2 | Identified the ring of Boro {+Fly rElec rN+ MR+} (You
                  | bought it in a shop on level 2 of the Depths)
 42360 | Depths:2 | You fall into a shaft and drop 2 floors!
 42365 | Depths:4 | Found Humiavaa's Assorted Antiques.
 42378 | Depths:4 | Noticed Saint Roka
 42390 | Depths:4 | Noticed a juggernaut
 42402 | Depths:4 | Noticed a juggernaut
 42402 | Depths:4 | Noticed a caustic shrike
 42403 | Depths:4 | Noticed a golden dragon
 42407 | Depths:4 | Noticed an ancient lich
 42414 | Depths:4 | Upgraded the game from 0.24.0-13-gcf9b3192b9 to
                  | 0.24.0-28-g17ded55e90
 42421 | Depths:4 | Killed an ancient lich
 42424 | Depths:4 | Reached skill level 25 in Axes
 42464 | Depths:4 | Noticed a juggernaut
 42480 | Depths:4 | Noticed a golden dragon
 42501 | Depths:4 | Noticed a lich
 42502 | Depths:4 | Found a flickering gateway to a bazaar.
 42509 | Depths:4 | Killed a lich
 42524 | Depths:4 | Found Tintas's Book Shop.
 42528 | Bazaar   | Entered a bazaar
 42528 | Bazaar   | Found Xiniseest's Armour Boutique.
 42528 | Bazaar   | Found Gepnecs's Armour Shop.
 42528 | Bazaar   | Found Tafinwa's Antique Weapon Shop.
 42533 | Bazaar   | Got an ancient hand axe
 42706 | Depths:4 | Noticed a golden dragon
 42714 | Depths:4 | Killed a golden dragon
 42714 | Depths:4 | Reached XP level 21. HP: 198/202 MP: 32/34
 42751 | Depths:4 | Killed Saint Roka
 42756 | Depths:4 | Noticed a golden dragon
 42806 | Depths:3 | Noticed Margery
 43235 | Depths:2 | Found the +10 Black Knight's horse barding {ponderous,
                  | rPois rN+}
 43500 | Depths:2 | Identified the +9 hand axe of Emukk {venom, Str+4} (You
                  | found it in a bazaar)
 44024 | Depths:3 | Killed Margery
 44745 | Depths:3 | Found a gateway to a ziggurat.
 44750 | Depths:3 | Found a one-way gate leading to the halls of Pandemonium.
 44753 | Depths:3 | Got a pitted hand axe
 44889 | Depths:3 | Identified the cursed +3 hand axe "Cifui" {vamp, Dex+3}
                  | (You found it on level 3 of the Depths)
 44955 | Depths:4 | Killed a juggernaut
 44955 | Depths:4 | Reached skill level 26 in Axes
 44958 | Depths:4 | Killed a golden dragon
 45332 | Depths:4 | Killed a juggernaut
 45439 | Depths:4 | Killed a caustic shrike
 45439 | Depths:4 | Reached XP level 22. HP: 158/215 MP: 35/35
 45465 | Depths:4 | Killed a juggernaut
 45526 | Depths:4 | Found Nogau's Antique Armour Shop.
 45607 | Depths:4 | Identified the +1 shield of Poowuh {rPois}
 45896 | Depths:4 | Killed a golden dragon
 46139 | Depths:4 | Found Sohiun's Antique Armour Boutique.
 46439 | Depths:4 | Identified the +2 great sword "Dragonbane" {speed, Str+4}
 46439 | Depths:4 | Identified the +1 ring mail of Budourao {rElec MR++ Int-5}
 46458 | Depths:4 | Identified the +7 scimitar of Supply {elec, rElec rC++ MR-
                  | Int+4}
 46458 | Depths:4 | Identified the cursed +1 leather armour "Pocavuxt" {rPois
                  | Int+4}
 46783 | Depths:4 | Killed a golden dragon
 46833 | Depths:4 | You are sucked into a shaft and drop 1 floor!
 46833 | Depths:5 | Entered Level 5 of the Depths
 47061 | Depths:5 | Noticed a caustic shrike
 47061 | Depths:5 | Noticed a caustic shrike
 47061 | Depths:5 | Noticed a caustic shrike
 47061 | Depths:5 | Noticed a golden dragon
 47070 | Depths:4 | Killed a caustic shrike
 47071 | Depths:4 | Killed a caustic shrike
 47078 | Depths:4 | Killed a caustic shrike
 47373 | Depths:5 | Found Zoer's Gadget Boutique.
 47747 | Depths:5 | Killed a golden dragon
 48261 | Depths:5 | Reached skill level 27 in Axes
 48327 | Depths:5 | Found Diov's Magic Scroll Boutique.
 48340 | Depths:5 | Bought a scroll of identify for 34 gold pieces
 48878 | Depths:5 | Found Gamoezips's Weapon Shoppe.
 49002 | Depths:5 | Reached XP level 23. HP: 217/226 MP: 36/36
 49129 | Depths:5 | Found a gate to the Realm of Zot.
 49464 | Elf:1    | Entered Level 1 of the Elven Halls
 49843 | Elf:1    | Got an ancient plate armour
 49844 | Elf:1    | Identified the +7 plate armour of Compassion {MR++ Int+5
                  | Dex-5} (You found it on level 1 of the Elven Halls)
 49909 | Elf:1    | Noticed Aizul
 49917 | Elf:1    | Killed Aizul
 50038 | Elf:1    | Identified the Disquisition on Evil
 50588 | Elf:2    | Found a runed translucent gate.
 50588 | Elf:2    | Found a runed translucent gate.
 50589 | Elf:2    | Found a runed translucent gate.
 51266 | Elf:3    | Entered Level 3 of the Elven Halls
 51440 | Elf:3    | Found a radiant altar of Vehumet.
 51989 | Elf:3    | Reached XP level 24. HP: 186/239 MP: 35/36
 52122 | Elf:3    | Identified the ring "Qiqil" {*Slow rPois MP+9 Int+4 Dex+2}
 52154 | Elf:3    | Identified the +3 scale mail "Immow" {rPois rF+}
 52154 | Elf:3    | Noticed Mara
 52166 | Elf:3    | Noticed Delamore's illusion
 52205 | Elf:3    | Killed Mara
 52588 | Elf:3    | Got a pair of transparent boots
 52631 | Elf:3    | Identified the +1 pair of boots of Riwiwn {rElec Int+2
                  | Dex-4} (You found it on level 3 of the Elven Halls)
 52696 | Elf:3    | Got a steaming battleaxe
 52712 | Elf:3    | Identified Sif Muna's Tome of Curses
 52737 | Elf:3    | Identified the cursed +0 battleaxe of the Spheres {chop,
                  | rPois Int+7} (You found it on level 3 of the Elven Halls)
 53173 | Vaults:1 | Entered Level 1 of the Vaults
 53639 | Vaults:1 | Cast into level 2 of the Abyss (a wizard)
 53640 | Abyss:2  | Found a corrupted altar of Lugonu.
 53778 | Abyss:2  | Found a corrupted altar of Lugonu.
 54254 | Abyss:2  | Found a corrupted altar of Lugonu.
 54339 | Abyss:2  | Paralysed by accursed screaming for 2 turns
 54347 | Abyss:2  | Paralysed by accursed screaming for 2 turns
 54358 | Abyss:2  | Paralysed by accursed screaming for 1 turns
 54365 | Abyss:2  | Paralysed by accursed screaming for 1 turns
 54705 | Abyss:4  | Found a corrupted altar of Lugonu.
 54986 | Abyss:4  | Reached XP level 25. HP: 179/251 MP: 29/36
 55023 | Abyss:4  | Noticed a juggernaut
 55024 | Abyss:4  | Found a glowing golden altar of the Shining One.
 55039 | Abyss:4  | Killed a juggernaut
 55048 | Abyss:4  | Paralysed by accursed screaming for 1 turns
 55079 | Abyss:4  | Lost mutation: You possess an exceptional clarity of mind.
                  | [a neqoxec]
 55184 | Abyss:4  | HP: 9/202 [wretched star/orb of energy (7)]
 55192 | Abyss:5  | Entered Level 5 of the Abyss
 55212 | Abyss:5  | HP: 6/202 [ynoxinul/iron shot (28)]
 55281 | Abyss:5  | HP: 11/253 [raiju (2)]
 55341 | Abyss:5  | Paralysed by accursed screaming for 1 turns
 55349 | Abyss:5  | Paralysed by accursed screaming for 1 turns
 55350 | Abyss:5  | HP: 3/253 [starcursed mass/accursed screaming (14)]
 55454 | Abyss:5  | HP: 7/253 [wretched star/orb of energy (28)]
 55458 | Abyss:5  | Killed from afar by a wretched star

Levels and vault maps discovered:
D:1:      mrwooster_arrival_statue, layout_basic
D:2:      layout_rooms, lemuel_coloured_pillars_altar, fedhas_ov_isle_minmay,
          hangedman_abyss_or_decor_stabs
D:3:      layout_basic, regret_index_temple_of_mockery, minmay_mini_jars
D:4:      layout_rooms, nicolae_gozag_seed_capital, serial_shops, shop,
          minmay_misc_feat_alley, hangedman_decor_push, minmay_rat_hole
D:5:      layout_loops_cross, marbit_many_paths, minmay_temple_entry_trees,
          first_ration, uniq_crazy_yiuf_cottage, uniq_blork_the_orc,
          uniq_edmund, uniq_duvessa
D:6:      layout_basic, grunt_temple_overflow_lords_of_destruction,
          overflow_temple_1_default, nicolae_dithmenos_through_a_glass_darkly,
          nicolae_overflow_hidden_temple
D:7:      minmay_the_grid_four_pointed_star
          [minmay_the_grid_triangle_9x9_shrine,
          minmay_the_grid_triangle_9x9_descending_squares,
          minmay_the_grid_triangle_9x9_wacky_v,
          minmay_the_grid_triangle_9x9_from_above,
          minmay_the_grid_prize_shrinking_boxes], layout_basic,
          grunt_ministairs_2
D:8:      layout_layer_cave, nicolae_tso_besieged_by_evil, grunt_livestock,
          cheibriados_altar_1, uniq_maurice, uniq_harold
D:9:      layout_long_grid, elyvilon_altar_5, lair_entry_dummy, serial_shops,
          nicolae_shop_overgrown_old_shop
D:10:     layout_long_grid, orc_0_dummy
D:11:     layout_loops_corners, gammafunk_ghost_cemetery, okawaru_humans,
          uniq_fannar
D:12:     hangedman_what_comes_after_a, layout_long_grid, uniq_psyche
D:13:     lemuel_ice_statue, layout_irregular_city, erik_vaults_1,
          hangedman_glass_teeth, chequers_garden
D:14:     layout_cave_pools, serial_shops, shop, minmay_staircase_statues,
          moated_statue, xom_shifter_show
D:15:     hangedman_depths_entry_civil_slaughter, layout_small_grid,
          hangedman_abyss_or_decor_clamps, uniq_louise
Temple:   jpeg_temple_island
Lair:1:   layout_layer_cave, wad_woods_06, st_stairs_3
Lair:2:   wander_river, layout_misc_corridors, special_room [special_room_bee],
          minmay_lair_oklob_chamber
Lair:3:   layout_long_grid, swamp_mist, bobbens_dragon_lair_wall,
          grunt_megastairs_2, infiniplex_staircase_pool
Lair:4:   layout_gridlike, dummy_spider_entry, portal_ice_cave_rime,
          gammafunk_ghost_necromancy, serial_bayou_shore_b
Lair:5:   layout_cave_pods, special_room [special_room_mythical_zoo],
          infiniplex_staircase_pool_2, lemuel_fruit_tree
Lair:6:   hangedman_lair_tendril_chambers, layout_long_grid, slime_dummy,
          grunt_megastairs_4, serial_bayou_shore_b, uniq_nessos
Swamp:1:  layout_basic_swamp, evilmike_swamp_ruin_house_3
Swamp:2:  layout_falls_marsh, evilmike_swamp_ruin_rubble_1
Swamp:3:  cheibrodos_swamp_monstrosity, layout_basic_swamp,
          gammafunk_ghost_berserking_beasts, evilmike_swamp_ruin_house_5,
          kb_tengu_band
Swamp:4:  swamp_basic_johnstein, layout_basic_swamp, swamp_pool2, uniq_nikola
Spider:1: layout_spider_delve
Spider:2: layout_chambers
Spider:3: layout_chambers
Spider:4: spider_rune_water
Orc:1:    layout_caves, nicolae_orc_lava_tube, uniq_sonja
Orc:2:    grunt_orc_community_town_hall, layout_diamond_mine,
          grunt_orc_community_big_house_1, grunt_orc_community_big_house_2,
          grunt_orc_community_house_1, grunt_orc_community_house_3,
          grunt_orc_community_house_3, grunt_orc_community_house_2
Elf:1:    eino_elf_arrival_customs, layout_loops_cross, minmay_elf_necromancy,
          uniq_aizul
Elf:2:    layout_loops_cross
Elf:3:    minmay_elf_hall_four_x, layout_geoelf_grid, basic_altar, uniq_mara
Vaults:1: hangedman_vaults_stagger, vaults_mumra_lcd, hangedman_vaults_pinch,
          grunt_vaults_diagonal, v_rooms_1, nicolae_vaults_alarming, v_misc_23,
          nicolae_vaults_what_the_h, vaults_mumra_hexcomb,
          layout_vaults_big_room
Depths:1: layout_cross, abyss_entry, roderic_roman_lattice, mu_enter_wizlab_3,
          grunt_hell_entry_dis_grunt, minmay_fountain_box, minivault_16
Depths:2: minmay_concentric_multi, layout_cave_pools, hellmouth_1,
          minmay_misc_feat_more_columns, minmay_misc_feat_rows,
          nicolae_antique_artefacts, nooodl_food_tri, uniq_bai_suzhen
Depths:3: minmay_ornate_pinched, layout_basic, enter_ziggurat_a, pf_coc_iceberg,
          pan_entry, minmay_staircase_bubble, uniq_margery
Depths:4: minmay_tile_spiral, layout_gridville, glass_columns_a,
          grunt_metal_band, abyss_entry_crystal, serial_sigils,
          serial_sigils_hangedman_writhe, serial_sigils_hangedman_stare,
          serial_sigils_hangedman_scar, serial_sigils_hangedman_gnaw,
          serial_sigils_hangedman_quiver, serial_shops, bzr_entry_water, shop,
          shop_fountains, shop, nicolae_shop_crystal,
          hangedman_abyss_or_decor_passed, uniq_saint_roka
Depths:5: grunt_zot_entry_alcove, layout_cave_shapes, serial_shops,
          nicolae_shop_waterfront, nicolae_shop_trees, shop, hell_entry,
          abyss_entry, nicolae_lava_and_water, grunt_ministairs_5
Abyss:5:  base: Lair:4, base: Swamp:4,
          hangedman_abyss_or_decor_jellyfish_corner,
          nicolae_abyss_rune_star_stuff, abyss_exit_lava,
          evilmike_abyss_exit_plants, evilmike_abyss_exit_smiterflies,
          hangedman_abyss_or_decor_clamps, abyss_furniture_001,
          hangedman_abyss_rune_macabre_mess

Skill      XL: |  1  2  3  4  5  6  7  8  9 10 11 12 13 14 15 16 17 18 19 20 21 22 23 24 25 |
---------------+----------------------------------------------------------------------------+-----
Axes           | 3 4 5 6 8 9 11 13 16 19 20 21 22 23 24 25 26 27 | 27.0
Fighting       | 7 10 12 14 15 16 17 18 19 20 21 23 24 25 26 | 26.0
Armour         | 4 8 10 12 13 14 15 16 17 18 20 21 22 | 22.1
Invocations    | 2 7 9 11 13 15 16 18 19 | 19.8
Evocations     | 1 5 7 9 |  9.1
Dodging        | 1 4 5 6 8 |  8.2
Shields        | |  3.2

Action                   |  1- 3 |  4- 6 |  7- 9 | 10-12 | 13-15 | 16-18 | 19-21 | 22-24 | 25-27 || total
-------------------------+-------+-------+-------+-------+-------+-------+-------+-------+-------++-------
Melee: War axe           |    51 |   160 |   342 |   246 |       |       |       |       |       ||   799
       Battleaxe         |       |       |       |   312 |   946 |  1016 |   185 |   518 |       ||  2977
       Executioner's axe |       |       |       |       |       |       |   569 |   804 |   193 ||  1566
Throw: Dart              |       |       |     5 |    12 |       |       |       |       |       ||    17
Invok: Elemental Force   |       |       |       |       |     1 |       |       |     2 |     1 ||     4
       Disaster Area     |       |       |       |       |       |     3 |     8 |     7 |     5 ||    23
       Upheaval          |       |       |       |       |       |     9 |     4 |       |     6 ||    19
Evoke: Wand              |       |       |       |     3 |       |    17 |     1 |       |    10 ||    31
       Sack of spiders   |       |       |       |     1 |       |       |     1 |       |     1 ||     3
       Lamp of fire      |       |       |       |       |     1 |     1 |       |       |       ||     2
  Use: Scroll            |       |       |     3 |    10 |    11 |    10 |    26 |     4 |     2 ||    66
       Potion            |       |       |       |     1 |     5 |     5 |    11 |       |     7 ||    29
 Stab: Distracted        |       |       |       |       |       |       |       |     1 |       ||     1
       Invisible         |       |       |       |       |       |       |       |       |     6 ||     6
  Eat: Chunk             |       |     6 |    15 |    12 |    13 |    14 |    18 |    20 |       ||    98
       Ration            |       |       |     1 |     3 |     5 |     7 |     4 |     4 |       ||    24
Armor: Scale mail        |    20 |    14 |       |       |       |       |       |       |       ||    34
       Plate armour      |       |    89 |   173 |   203 |   197 |       |       |       |       ||   662
       Crystal plate arm |       |       |       |       |   206 |   981 |   524 |   717 |   107 ||  2535
Dodge: Dodged            |    14 |    22 |    38 |    90 |   136 |   315 |   198 |   274 |    79 ||  1166
       Deflected         |       |       |       |     8 |    14 |    15 |    33 |    51 |     6 ||   127
Block: Shield            |    31 |    90 |   126 |   114 |       |       |       |       |       ||   361
       Reflection        |       |       |       |    15 |    17 |     5 |    40 |    73 |     2 ||   152
       Other             |       |       |       |   165 |   460 |   701 |   402 |   554 |    91 ||  2373
       Large shield      |       |       |       |    33 |       |       |       |       |       ||    33
